 Dungeon Crawl Stone Soup version 0.16.0-8-gd9ae3a8 (webtiles) character file.

37 Zugr the Sneak (level 3, -3/16 HPs)
             Began as a Spriggan Enchanter on Mar 17, 2015.
             Slain by a hobgoblin
             ... wielding a +0 club
             ... led by Robin
              (9 damage)
             ... on level 1 of the Dungeon.
             The game lasted 00:06:20 (1164 turns).

Zugr the Sneak (Spriggan Enchanter)                 Turns: 1164, Time: 00:06:20

Health: -3/16      AC:  3    Str:  4    XL:     3   Next: 21%
Magic:  1/9        EV: 18    Int: 16    God:
Gold:   58         SH:  0    Dex: 17    Spells: 2 memorised, 4 levels left

rFire  . . .     SeeInvis +     a - +1 dagger
rCold  . . .     Clarity  .     b - +1 robe
rNeg   . . .     SustAb   .     (shield restricted)
rPois  .         Gourm    .     (helmet restricted)
rElec  .         Spirit   .     (no cloak)
rCorr  .         Warding  .     (gloves unavailable)
rMut   .         Stasis   .     (boots unavailable)
MR     .....                    (no amulet)
Stlth  ++++......               (no ring)
                                (no ring)

@: very slightly contaminated, very quick, not resistant to hostile
enchantments, stealthy
A: unfitting armour, see invisible, herbivore 3, speed 3, slow metabolism 2
a: no special abilities


You were on level 1 of the Dungeon.
You were not hungry.

You visited 1 branch of the dungeon, and saw 2 of its levels.

You collected 58 gold pieces.

Inventory:

Hand weapons
 a - a +1 dagger (weapon)
Armour
 b - a +1 robe (worn)
Scrolls
 e - a scroll of enchant armour {unknown}
 i - 2 scrolls of identify {unknown}
Potions
 g - a potion of heal wounds {unknown}
 h - a potion of cure mutation {unknown}
Books
 c - a book of Maledictions

   Spells                             Type                      Level
   a - Corona                         Hexes                        1
   b - Sure Blade                     Hexes/Charms                 2
   c - Ensorcelled Hibernation        Hexes/Ice                    2
   d - Confuse                        Hexes                        3
   e - Dazzling Spray                 Conjuration/Hexes            3
   f - Enslavement                    Hexes                        4
Comestibles
 d - a bread ration
 f - a royal jelly
 j - a slice of pizza


   Skills:
 - Level 1.1 Short Blades
 - Level 3.0 Dodging
 + Level 6.6 Stealth
 - Level 2.6 Spellcasting
 - Level 3.6 Hexes


You had 4 spell levels left.
You knew the following spells:

 Your Spells              Type           Power        Failure   Level  Hunger
a - Corona                Hex            ##.....      6%          1    #......
b - Ensorcelled Hibernat  Hex/Ice        #.....       17%         2    ##.....


Dungeon Overview and Level Annotations

Branches:
Dungeon (2/15)

Altars:

Annotations:
D:1 Robin


Innate Abilities, Weirdness & Mutations

You are tiny and cannot use many weapons and most armour.
You have supernaturally acute eyesight.
You are a herbivore.
You cover ground extremely quickly.
You need consume almost no food.


Message History

There is a stone staircase leading up here.
The goblin closely misses you. The hobgoblin barely misses you.
Robin throws the goblin at you!
You climb upwards.
There is a stone staircase leading down here.
You open the door. The hobgoblin hits you with a club.
Casting: Ensorcelled Hibernation
Confirm with . or Enter, or press ? or * to list all spells.
You don't have enough magic to cast that spell.
Casting: Ensorcelled Hibernation
Confirm with . or Enter, or press ? or * to list all spells.
Aiming: Corona
Press: ? - help, Shift-Dir - straight line, f - Robin
Aim: Robin, wielding a dagger, wearing an animal skin, wearing a helmet and carrying a wand of digging {zapped: 2} (chance 58%)
Okay, then.
You hit the goblin!
You kill the goblin!
Robin hits you with a dagger. The hobgoblin hits you with a club!
Ouch! That really hurt!
You die...

### #######.# #.......#
################ #.#####.#
#..............# #.....#.#
#.############.#
#####.#.#####.# #.......#.#
#...........# #.###.#.#.#
#.#.#.#####g####.# #.#.#.#
#.#.#.# #@g..#.# #.#.#.#
#.#.#.#####)##...# #.#.#.#
######.#.#.##.....##..# #†#.#.#
# .......#.#.##.....##..#
#.#.#.# #
.......#.#.##.....##..###.#.#.#
#
.........#.##.....##......#.#.#
#
######.###.##.....###.#####.#.#
#
#....#.###.#####............#.#
#
...#.#...#.#####.#####.######.#
#


You could see Robin and a hobgoblin (frenzied).

Vanquished Creatures
  An adder (D:2)
  A worm (D:2)
  3 bats
  A giant cockroach (D:1)
  7 goblins
  3 hobgoblins
  A giant newt (D:1)
  A kobold (D:1)
  5 rats
23 creatures vanquished.

Notes
Turn   | Place    | Note
--------------------------------------------------------------
     0 | D:1      | Zugr, the Spriggan Enchanter, began the quest for the Orb.
     0 | D:1      | Reached XP level 1. HP: 9/9 MP: 4/4
   224 | D:1      | Reached skill level 5 in Stealth
   466 | D:1      | Reached XP level 2. HP: 13/13 MP: 7/7
   470 | D:1      | Learned a level 2 spell: Ensorcelled Hibernation
   895 | D:2      | Noticed Robin
  1028 | D:2      | Reached skill level 6 in Stealth
  1046 | D:2      | Reached XP level 3. HP: 16/16 MP: 6/9
  1164 | D:1      | Slain by a hobgoblin

Action                   || total
-------------------------++-------
Melee: Dagger            ||    46
 Cast: Ensorcelled Hiber ||     7
 Stab: Sleeping          ||     8
